 Dungeon Crawl Stone Soup version 0.23-a0-730-g0b75920 (console) character file.

1352 Voker57 the Slasher (level 8, -9/84 HPs)
             Began as a Demonspawn Gladiator on Jan 17, 2019.
             Was a Follower of Hepliaklqana.
             Mangled by an orc warrior
             ... wielding a +0 dire flail
              (15 damage)
             ... on level 6 of the Dungeon.
             The game lasted 00:08:23 (5565 turns).

Voker57 the Slasher (Demonspawn Gladiator)          Turns: 5565, Time: 00:08:23

Health: -9/84      AC: 24    Str: 15    XL:     8   Next: 36%
Magic:  8/8        EV:  2    Int:  9    God:    Hepliaklqana [*.....]
Gold:   273        SH:  0    Dex: 17    Spells: 7/7 levels left

rFire    . . .     SeeInvis .   a - +0 long sword
rCold    . . .     Gourm    .   (no shield)
rNeg     + + +     Faith    .   (armour currently unavailable)
rPois    +         Spirit   .   (helmet currently unavailable)
rElec    .         Reflect  .   (cloak currently unavailable)
rCorr    .         Harm     .   (gloves currently unavailable)
MR       .....     NoTele   +   (boots currently unavailable)
Stlth    ++........             (no amulet)
HPRegen  0.24/turn              (no ring)
MPRegen  0.11/turn              (no ring)

@: tree-form
A: reduced essence, freezing cloud immunity
a: Recall Ancestor, Ancestor Identity, Renounce Religion


You were on level 6 of the Dungeon.
You worshipped Hepliaklqana.
Hepliaklqana was aware of your devotion.
You were not hungry.
You were a tree.
You visited 2 branches of the dungeon, and saw 7 of its levels.

You collected 273 gold pieces.

Inventory:

Hand Weapons
 a - a +0 long sword (weapon)
Armour
 b - a +0 leather armour (melded)
 c - a +0 helmet (melded)
Jewellery
 i - an uncursed ring of poison resistance {unknown}
 n - an uncursed ring of ice {unknown}
 s - a cursed amulet of inaccuracy {unknown}
Wands
 q - a wand of disintegration (7)
 u - a wand of flame (15)
Scrolls
 d - a scroll of random uselessness {unknown}
 e - 2 scrolls of enchant armour {unknown}
 g - 5 scrolls of teleportation {unknown}
 h - a scroll of immolation {unknown}
 j - a scroll of magic mapping {unknown}
 l - 4 scrolls of amnesia {unknown}
 m - 8 scrolls of identify {unknown}
 p - 5 scrolls of blinking {unknown}
 x - a scroll of fear {unknown}
 y - 3 scrolls of remove curse {unknown}
Potions
 o - a potion of resistance {unknown}
 r - 2 potions of agility {unknown}
 t - 2 potions of heal wounds
 v - a potion of flight {unknown}
 w - a potion of might
 z - a potion of brilliance
 A - a potion of curing
 B - a potion of magic
Comestibles
 f - 14 rations


   Skills:
 + Level 5.4 Fighting
 * Level 7.2 Long Blades
 - Level 1.7 Throwing
 + Level 5.3 Dodging


You had 7 spell levels left.
You didn't know any spells.
Your spell library contained the following spells:

 Spells                   Type           Power        Failure   Level  Hunger
 Flame Tongue             Conj/Fire      #....        38%         1    ##.....
 Throw Flame              Conj/Fire      #.....       52%         2    ###....
 Conjure Flame            Conj/Fire      #.......     77%         3    ####...
 Inner Flame              Hex/Fire       #.......     77%         3    ####...
 Sticky Flame             Conj/Fire      #.......     99%         4    #####..
 Fireball                 Conj/Fire      #.........   100%        5    ######.


Dungeon Overview and Level Annotations

Branches:
Dungeon (6/15)             Temple (1/1) D:5

Altars:
Ashenzari
Cheibriados
Dithmenos
Elyvilon
Fedhas
Gozag
Hepliaklqana
Kikubaaqudgha
Makhleb
Nemelex Xobeh
Okawaru
Qazlal
Ru
Sif Muna
Trog
Uskayaw
Vehumet
Wu Jian
Yredelemnul
Zin
The Shining One

Annotations:
D:5 1 runed door
D:6 1 runed door, nikopol's ghost, novice MiBe


Innate Abilities, Weirdness & Mutations

((You are partially covered in large bone plates. (SH +4)))
((Your flesh is cold resistant. (rC+)))
You are immune to freezing clouds.
Your life essence is reduced to manifest your ancestor. (-10% HP)


Message History

Your +0 leather armour melds into your body.
Your roots penetrate the ground.
The orc warrior barely misses you.
You riposte.
You closely miss the orc warrior.
The orc warrior is almost dead.
You completely miss the orc warrior.
The orc warrior is almost dead.
The orc warrior hits you but does no damage.
You hit the orc warrior.
The orc warrior is almost dead.
The orc warrior completely misses you.
You riposte.
You hit the orc warrior but do no damage.
The orc warrior is almost dead.
You closely miss the orc warrior.
The orc warrior is almost dead.
The orc warrior hits you with a +0 dire flail!
* * * LOW HITPOINT WARNING * * *
You barely miss the orc warrior.
The orc warrior is almost dead.
The orc warrior hits you with a +0 dire flail!
You die...

##..## ##.#
##..### ##..#
#####
##...###...#
###....
##.......##
##...###
###....#####
#...## #
###..o...##
##..##
#...#.oo#
##..##
#..#####o#
##..## #...##
#o# ##..#
....# ##♣#
##.. ####
##.## ######..
# ##.##
###....... ###
###.##
##.........
..## #..##
#..........
...## #..#
####..........
#.[.### ##.#
#.............
###...## #.##
##............
###..## ##.##
##............
##..## ##.##
#............#


You could see an orc warrior and 3 orcs.

Vanquished Creatures
  A sky beast (D:5)
  An ice beast (D:4)
  A centaur (D:5)
  A bullfrog (D:3)
  A scorpion (D:6)
  A howler monkey (D:5)
  A crimson imp (D:5)
  A jelly (D:2)
  An orc priest (D:4)
  4 hounds
  3 iguanas
  An orc wizard (D:4)
  4 worker ants
  2 hound skeletons (D:6)
  A worker ant zombie (D:5)
  9 adders
  4 gnolls (D:4)
  2 adder skeletons (D:5)
  An adder zombie (D:2)
  2 worms
  3 dart slugs
  5 leopard geckos
  4 orcs
  A giant cockroach (D:2)
  12 goblins
  5 hobgoblins
  10 jackals
  A quokka (D:3)
  3 ball pythons
  3 bats
  6 frilled lizards
  A jackal skeleton (D:4)
  6 kobolds
  4 rats
106 creatures vanquished.

Vanquished Creatures (collateral kills)
  A sky beast (D:6)
  A centaur (D:6)
  A bullfrog (D:6)
  A jelly (D:6)
4 creatures vanquished.

Vanquished Creatures (others)
  An ancestor (D:6)
  5 orcs (D:5)
6 creatures vanquished.

Grand Total: 116 creatures vanquished

Notes
Turn   | Place    | Note
-------+----------+-------------------------------------------
     0 | D:1      | Voker57 the Demonspawn Gladiator began the quest for the
                  | Orb.
     0 | D:1      | Reached XP level 1. HP: 16/16 MP: 1/1
   311 | D:1      | Reached skill level 3 in Long Blades
   311 | D:1      | Gained mutation: You are partially covered in large bone
                  | plates. (SH +4) [demonic ancestry]
   311 | D:1      | Reached XP level 2. HP: 22/22 MP: 2/2
  1082 | D:2      | Reached XP level 3. HP: 20/28 MP: 3/3
  1311 | D:2      | Reached XP level 4. HP: 28/34 MP: 4/4
  1845 | D:2      | Reached skill level 4 in Long Blades
  2154 | D:3      | Found a shattered altar of Ashenzari.
  2215 | D:3      | Noticed a bullfrog
  2229 | D:3      | Killed a bullfrog
  2229 | D:3      | Gained mutation: Your flesh is cold resistant. (rC+)
                  | [demonic ancestry]
  2229 | D:3      | Reached XP level 5. HP: 35/41 MP: 5/5
  2677 | D:4      | Noticed an ice beast
  2688 | D:4      | Gained mutation: You are immune to freezing clouds.
                  | [demonic ancestry]
  2688 | D:4      | Reached XP level 6. HP: 28/47 MP: 6/6
  2696 | D:4      | Killed an ice beast
  2696 | D:4      | Reached skill level 5 in Long Blades
  3498 | D:4      | Reached XP level 7. HP: 54/54 MP: 7/7
  3552 | D:5      | Entered Level 5 of the Dungeon
  3705 | D:5      | HP: 3/82 [hound (3)]
  3716 | D:5      | Reached skill level 6 in Long Blades
  3829 | D:5      | Noticed an angel
  3858 | D:5      | Found a runed door.
  3858 | D:5      | Found a glowing golden altar of the Shining One.
  4059 | D:5      | Found a staircase to the Ecumenical Temple.
  4068 | Temple   | Entered the Ecumenical Temple
  4154 | Temple   | Became a worshipper of Hepliaklqana the Forgotten
  4470 | D:6      | Reached skill level 5 in Fighting
  4470 | D:6      | Reached XP level 8. HP: 38/55 MP: 8/8
  4478 | D:6      | Reached skill level 5 in Dodging
  4929 | D:6      | Reached skill level 7 in Long Blades
  5341 | D:6      | Found a runed door.
  5341 | D:6      | Noticed nikopol's ghost (novice MiBe)
  5477 | D:6      | Reached * piety under Hepliaklqana
  5565 | D:6      | Mangled by an orc warrior

Vault maps used:
D:1:      onia_arrival_mini_maze_b
D:2:      minmay_pentomino_o4
D:3:      evilmike_ruin_ashenzari
D:4:      chequers_serial_rivers_small_a
D:5:      lemuel_temple_firewalk_b, first_ration, lemuel_angel_altar
D:6:      gammafunk_ghost_grave
Temple:   compressed_dpeg_circular_temple

Skill      XL: |  1  2  3  4  5  6  7  8 |
---------------+-------------------------+-----
Long Blades    | 3 4 5 6 7 |  7.2
Dodging        | 3 4 5 |  5.3
Fighting       | 3 4 5 |  5.4
Throwing       | |  1.7

Action                   |  1- 3 |  4- 6 |  7- 9 || total
-------------------------+-------+-------+-------++-------
Melee: Long sword        |    85 |   145 |   147 ||   377
Throw: Throwing net      |       |     6 |       ||     6
Evoke: Wand              |       |     7 |     2 ||     9
  Use: Potion            |       |     2 |     6 ||     8
 Stab: Sleeping          |       |     1 |     1 ||     2
       Held in net/web   |       |     1 |       ||     1
       Paralysed         |       |     7 |       ||     7
       Distracted        |       |       |     1 ||     1
  Eat: Chunk             |     1 |     8 |     3 ||    12
       Ration            |       |       |     1 ||     1
Armor: Leather armour    |    20 |    28 |    16 ||    64
       Skin              |       |       |    60 ||    60
Dodge: Dodged            |    38 |   111 |   105 ||   254
Block: Other             |    13 |    22 |    20 ||    55
       Rpst.: Long sword |     7 |    39 |    32 ||    78

Table legend:
 A = Non-vault XP
 B = Vault XP
 C = Vault XP percentage of total XP
 D = Non-vault monster count
 E = Vault monster count
 F = Vault count percentage of total count
                 A         B        C        D         E       F
            +---------+---------+-------+---------+---------+-------
      Total |    1905 |      27 |   1.4 |     108 |       2 |   1.8
            +---------+---------+-------+---------+---------+-------
        D:1 |      34 |       0 |   0.0 |      20 |       0 |   0.0
        D:2 |      94 |      27 |  22.3 |      16 |       2 |  11.1
        D:3 |     133 |       0 |   0.0 |      19 |       0 |   0.0
        D:4 |     449 |       0 |   0.0 |      22 |       0 |   0.0
        D:5 |     569 |       0 |   0.0 |      19 |       0 |   0.0
        D:6 |     626 |       0 |   0.0 |      12 |       0 |   0.0
            +---------+---------+-------+---------+---------+-------
